giann, lawful female dwarven Valkyrie .... ----- --..- |...| ---...- ---...| --...... |....-- |..... ---....| ---- --... |......--- |..-- -..- |.--.....---- |...-- ..%. |.||......|.-----....-- ..--- |.|---*--..@..........| .*..| --- |.| --- -..------...-- ...- --.-- |.| --- --..- ....-------...------------.-- |...| ............................| |...| .............--....-------.-- |.--- ....%.. --- ..... giann the Fighter Experience level: 7 Strength: 18 Dexterity: 13 Constitution: 17 Intelligence: 8 Wisdom: 10 Charisma: 9 Health: 59(59) Energy: 11(11) Def: 0 Gold: 0 Moves: 4527 Dungeon seed: sZOGMMILfOuJeIeN Game ID: giann_1506201395 Your Inventory: Weapons a - a rusty +3 long sword (weapon in hand) b - a blessed +0 dagger p - a cursed +0 dart s - 2 +0 darts u - a cursed -1 dart v - a poisoned +0 dart E - a +0 crossbow (alternate weapon; not wielded) F - 9 blessed +0 crossbow bolts (in quiver) Scrolls G - a cursed scroll of remove curse Potions o - a blessed potion of invisibility Rings j - an uncursed ring of stealth (on left hand) M - an uncursed +2 ring of adornment Wands w - a wand of cancellation (0:5) A - a blessed wand of create monster (0:2) L - a wand of digging (0:3) Tools d - an uncursed oil lamp (0:1261) m - 3 uncursed tallow candles (0:200) Gems q - an uncursed worthless piece of yellow glass r - an uncursed worthless piece of red glass z - an uncursed worthless piece of orange glass Y - an uncursed worthless piece of yellowish brown glass Spells and supernatural/magical abilities: Name Level Category Fail Memory W - pray for help -- divine ? -- Your skills at the end: Fighting Skills wands [Basic] Weapon Skills dagger [Basic] long sword [Basic] Spellcasting Skills Final Attributes: You were piously aligned. You were cold resistant. You had infravision. You were stealthy. You were fast. You survived. Vanquished creatures: a large mimic a small mimic a quivering blob 2 giant spiders a raven 2 fire ants a bugbear 2 imps an orc shaman a rock piercer a rock mole a pony a shrieker a gnome lord a gnomish wizard a red naga hatchling a golden naga hatchling 2 guardian naga hatchlings an elf zombie a ghoul 2 giant ants a kitten a homunculus a kobold lord 4 hill orcs 3 rothes a rabid rat a centipede a giant bat 2 monkeys 2 dwarf zombies a werejackal an iguana 11 killer bees an acid blob 2 coyotes 2 manes a large kobold a brown mold a yellow mold 6 gnomes a garter snake 7 gnome zombies 4 geckos 3 jackals 2 kobolds 4 goblins a sewer rat 9 grid bugs 5 lichens 2 kobold zombies 5 newts 113 creatures vanquished. Voluntary challenges: You were an atheist. You used a wielded weapon 125 times, starting on turn 217. You read items or engraved 8 times, starting on turn 1005. You never genocided any monsters. You never polymorphed an object. You never changed form. You used no wishes. You never split a pudding. You never wrote Elbereth's name. You never violated your personal moral code. Dungeon overview: The Dungeons of Doom: levels 1 to 2 Level 1 a sink, a vault a long staircase Level 2 a scroll shop stairs to The Gnomish Mines The Gnomish Mines: levels 3 to 11 Level 3 stairs to The Dungeons of Doom Level 4 Level 5 Level 6 some shops, a temple to Tyr, some fountains Level 7 Level 8 Level 9 Level 10 <- You were here Level 11 a fountain History has recorded: On T:1 you entered the Dungeons of Doom to retrieve the Amulet of Yendor! On T:626 you reached level 2 of The Dungeons of Doom. On T:639 you advanced to experience level 2. On T:761 you advanced to experience level 3. On T:1196 you reached level 1 of The Gnomish Mines. On T:1569 you advanced to experience level 4. On T:1588 you reached level 2 of The Gnomish Mines. On T:1982 you reached level 3 of The Gnomish Mines. On T:2088 you advanced to experience level 5. On T:2277 you advanced to experience level 6. On T:2685 you reached level 4 of The Gnomish Mines. On T:3064 you advanced to experience level 7. On T:3248 you reached level 5 of The Gnomish Mines. On T:3373 you reached level 6 of The Gnomish Mines. On T:4117 you reached level 7 of The Gnomish Mines. On T:4177 you reached level 9 of The Gnomish Mines. On T:4212 you reached level 8 of The Gnomish Mines. Score breakdown: Gold: 0 ( 0 points) Experience: 7 levels (13645 points) Exploration: 11 levels ( 22.00%) (13552 points) Discoveries: 19 items ( 7.63%) ( 8287 points) Valuables value: (no points given unless you survive) Artifact value: 0 ( 0 points) Variety of kills: 52 monsters ( 13.58%) (11054 points) Turncount: 4527 turns (-1207 points) Survival: quit (score multiplied by 90%) Total score: 40797 Latest messages: You see here a blue gem. You stop running. You faint from lack of food. You come to. You stop running. You faint from lack of food. You come to. You stop running. You faint from lack of food. You come to. You faint from lack of food. You come to. You faint from lack of food. You come to. You faint from lack of food. You come to. You faint from lack of food. You come to. You stop running. You faint from lack of food. You come to. You faint from lack of food. You come to. You faint from lack of food. You come to. Final status: Farvel giann the Valkyrie, quit... You quit in The Gnomish Mines on dungeon level 10 with 40797 points, and 0 pieces of gold, after 4527 moves. You were level 7 with a maximum of 59 hit points when you quit.